 Dungeon Crawl Stone Soup version 0.22-a0-613-g65b8144 (webtiles) character file.

26229 thwowaway the Blocker (level 12, -1/168 HPs)
             Began as a Minotaur Berserker on July 18, 2018.
             Was a High Priest of Trog.
             Slain by a 12-headed hydra (3 damage)
             ... on level 5 of the Lair of Beasts.
             The game lasted 00:25:16 (12495 turns).

thwowaway the Blocker (Minotaur Berserker)         Turns: 12495, Time: 00:25:16

Health: -1/168     AC: 12    Str: 27    XL:     12   Next: 96%
Magic:  20/20      EV:  2    Int:  7    God:    Trog [*****.]
Gold:   790        SH:  0    Dex: 15    Spells: 11/11 levels left

rFire    . . .     SeeInvis .   D - +2 hand axe (vamp)
rCold    . . .     Gourm    +   u - +2 shield
rNeg     + + +     Faith    .   l - +0 troll leather armour
rPois    ∞         Spirit   .   C - +1 hat {Int+3}
rElec    .         Reflect  .   (no cloak)
rCorr    .         Harm     .   d - +0 pair of gloves
MR       .....                  a - +2 pair of boots
Stlth    ..........             n - amulet of the gourmand
HPRegen  0.78/turn              s - ring of magical power
MPRegen  0.17/turn              (no ring)

@: berserking, petrified
A: retaliatory headbutt, horns 2
a: Berserk, Trog's Hand, Brothers in Arms, Renounce Religion


You were on level 5 of the Lair of Beasts.
You worshipped Trog.
Trog was extremely pleased with you.
You were very full.

You visited 2 branches of the dungeon, and saw 15 of its levels.

You collected 790 gold pieces.

Inventory:

Hand Weapons
 m - a +3 hand crossbow of flaming
 D - a +2 vampiric hand axe (weapon)
Armour
 a - a +2 pair of boots (worn)
 d - a +0 pair of gloves (worn)
 l - a +0 troll leather armour (worn)
 u - a +2 shield (worn)
 C - a +1 hat of intelligence (worn)
Jewellery
 n - an amulet of the gourmand (around neck)
 s - a ring of magical power (left hand)
 v - an uncursed amulet of the acrobat
 I - an uncursed ring of ice
 K - an uncursed ring of see invisible {unknown}
 L - an uncursed ring of wizardry {unknown}
Wands
 o - a wand of iceblast (16)
 B - a wand of scattershot (5)
 H - a wand of polymorph (9)
Scrolls
 h - 13 scrolls of teleportation
 k - a scroll of silence {unknown}
 r - 5 scrolls of blinking
 t - 4 scrolls of enchant armour
 x - 5 scrolls of enchant weapon
 y - 3 scrolls of immolation
 A - 2 scrolls of magic mapping
 F - a scroll of fog
 J - 2 scrolls of remove curse
Potions
 b - a potion of berserk rage
 e - a potion of cancellation
 f - 4 potions of magic
 g - 4 potions of agility
 i - 2 potions of heal wounds
 j - 4 potions of invisibility
 p - 2 potions of might {unknown}
 q - a potion of brilliance {unknown}
 w - 2 potions of lignification {unknown}
 z - a potion of haste {unknown}
 E - 2 potions of curing {unknown}
Miscellaneous
 G - a lightning rod (4/4)
Comestibles
 c - 15 rations


   Skills:
 - Level 12.0 Fighting
 - Level 7.0(7.2) Axes
   Level 1.6(4.7) Maces & Flails
 - Level 12.0 Armour
 - Level 12.0 Dodging
 + Level 14.0 Shields


You had 11 spell levels left.
You didn't know any spells.
Your spell library contained the following spells:

 Spells                   Type           Power        Failure   Level  Hunger
 Fireball                 Conj/Fire      #.........   100%        5    ######.
 Conjure Flame            Conj/Fire      #.......     86%         3    ####...
 Confuse                  Hex            #.......     86%         3    ####...
 Throw Flame              Conj/Fire      #.....       65%         2    ###....
 Sticky Flame             Conj/Fire      #.......     99%         4    #####..
 Tukima's Dance           Hex            #.......     86%         3    ####...
 Flame Tongue             Conj/Fire      #....        50%         1    ##.....
 Ensorcelled Hibernation  Hex/Ice        #.....       65%         2    ###....
 Corona                   Hex            #......      50%         1    ##.....
 Inner Flame              Hex/Fire       #.......     86%         3    ####...
 Dazzling Spray           Conj/Hex       #.....       86%         3    ####...


Dungeon Overview and Level Annotations

Branches:
Dungeon (10/15)            Temple (0/1) D:5            Lair (5/6) D:10
  Swamp (0/4) Lair:3        Snake (0/4) Lair:4          Orc (0/2) D:10
  Slime: Lair:5-6

Altars:
Cheibriados
Fedhas
Kikubaaqudgha
Makhleb
Sif Muna
Uskayaw
Vehumet
Wu Jian

Shops:
D:5 [   D:6 %   D:8 (


Innate Abilities, Weirdness & Mutations

You reflexively headbutt those who attack you in melee.
You have a pair of horns on your head.


Message History

The 12-headed hydra bites you but does no damage.
The 12-headed hydra bites you.
* * * LOW HITPOINT WARNING * * *
The 12-headed hydra bites you but does no damage. x2
The 12-headed hydra bites you!
* * * LOW HITPOINT WARNING * * *
The 12-headed hydra bites you!
* * * LOW HITPOINT WARNING * * *
The 12-headed hydra bites you!
* * * LOW HITPOINT WARNING * * *
The bullfrog hits you but does no damage.
The 12-headed hydra bites you but does no damage.
The 12-headed hydra bites you!
* * * LOW HITPOINT WARNING * * *
The 12-headed hydra bites you.
* * * LOW HITPOINT WARNING * * *
The 12-headed hydra bites you.
* * * LOW HITPOINT WARNING * * *
The 12-headed hydra bites you.
You die...

..................
#...........<.....
#.................
#.................
#...............
###.............
#P..........#
###...###....##
###....P# ###.@#
#.......# #FD+
#.#...#.#
#.S....⌠..
#........##
##........
...#....#.#
....#.### .#
###...## ####. ..
##..## ## ## #...#
#...###


You could see a 12-headed hydra, a black mamba and a bullfrog.

Vanquished Creatures
  Gastronok (Lair:3)
  A hydra (Lair:4)
  A catoblepas (Lair:4)
  8 death yaks
  The ghost of Diojeanne the Ducker, a novice GnAM of Okawaru (D:9)
  5 black mambas
  A centaur zombie (D:10)
  4 spiny frogs
  The ghost of Risuki the Ducker, a novice GnGl of Hepliaklqana (D:3)
  2 rime drakes (Lair:3)
  6 komodo dragons
  A polar bear (Lair:2)
  A troll (D:9)
  8 blink frogs
  5 hippogriffs
  6 yaks
  A wyvern (Lair:4)
  A basilisk (Lair:5)
  A fire elemental (Lair:2)
  3 nagas (Lair:4)
  6 water moccasins
  3 ice beasts
  6 porcupines
  3 sky beasts
  A hornet zombie (D:8)
  3 orc warriors
  An eye of draining (D:8)
  9 wolves
  3 phantoms
  3 ogres
  A centaur (D:5)
  7 crocodiles
  2 big kobolds
  8 bullfrogs
  A wyvern zombie (D:9)
  A water moccasin zombie (D:3)
  3 scorpions
  8 killer bees
  5 wights
  3 electric eels (Lair:3)
  4 howler monkeys
  2 bullfrog zombies
  6 crimson imps
  A quasit (D:8)
  3 hounds
  A centaur skeleton (D:6)
  7 orc priests
  A bullfrog skeleton (D:4)
  3 jellies
  13 orc wizards
  Natasha (thrice) (D:4 D:5)
  3 iguanas (D:7)
  8 worker ants
  Terence (D:2)
  2 killer bee zombies (D:10)
  4 hound skeletons
  2 howler monkey zombies
  2 howler monkey skeletons (D:3)
  3 worker ant zombies (D:3)
  12 adders
  3 gnolls (D:3)
  A shadow imp (D:8)
  2 adder zombies
  5 adder skeletons
  3 worms
  4 dart slugs
  11 leopard geckos
  35 orcs
  10 giant cockroaches
  8 goblins
  4 hobgoblins
  7 jackals (D:2)
  3 quokkas
  2 ball pythons
  A ball python skeleton (D:4)
  19 bats
  4 frilled lizards
  2 giant cockroach zombies (D:3)
  A jackal skeleton (D:6)
  12 kobolds
  9 rats
362 creatures vanquished.

Vanquished Creatures (collateral kills)
  A catoblepas (Lair:4)
  A polar bear (Lair:4)
  A bullfrog (Lair:5)
3 creatures vanquished.

Vanquished Creatures (others)
  5 wights (D:6)
5 creatures vanquished.

Grand Total: 370 creatures vanquished

Notes
Turn   | Place    | Note
-------+----------+-------------------------------------------
     0 | D:1      | thwowaway the Minotaur Berserker began the quest for the Orb.
     0 | D:1      | Reached XP level 1. HP: 19/19 MP: 0/0
    87 | D:1      | Reached XP level 2. HP: 25/27 MP: 1/1
   801 | D:2      | Reached XP level 3. HP: 29/33 MP: 2/2
   819 | D:2      | Noticed a bullfrog
   826 | D:2      | Killed a bullfrog
   826 | D:2      | Reached XP level 4. HP: 19/41 MP: 3/3
   932 | D:2      | Noticed Terence
   942 | D:2      | Killed Terence
   943 | D:2      | Reached ** piety under Trog
   946 | D:2      | Reached XP level 5. HP: 36/47 MP: 4/4
  1466 | D:3      | Reached skill level 5 in Fighting
  1466 | D:3      | Reached skill level 5 in Axes
  1466 | D:3      | Reached XP level 6. HP: 51/56 MP: 5/5
  1797 | D:3      | Noticed a hippogriff
  1805 | D:3      | Killed a hippogriff
  1805 | D:3      | Reached skill level 5 in Armour
  1805 | D:3      | Reached XP level 7. HP: 45/62 MP: 6/6
  2010 | D:3      | Noticed Risuki's ghost (novice GnGl)
  2024 | D:3      | Killed Risuki's ghost
  2024 | D:3      | Reached skill level 5 in Dodging
  2111 | D:3      | Found a radiant altar of Vehumet.
  2162 | D:3      | Reached *** piety under Trog
  2318 | D:4      | Reached XP level 8. HP: 45/71 MP: 7/7
  2351 | D:4      | Found an ancient bone altar of Kikubaaqudgha.
  2354 | D:4      | Found a blossoming altar of Fedhas.
  2455 | D:4      | Found a deep blue altar of Sif Muna.
  2478 | D:5      | Entered Level 5 of the Dungeon
  2564 | D:4      | Found a burning altar of Makhleb.
  2566 | D:4      | Noticed Natasha
  2571 | D:4      | Killed Natasha
  2574 | D:4      | Found a snail-covered altar of Cheibriados.
  2892 | D:5      | Reached skill level 1 in Shields
  3027 | D:5      | Noticed Natasha
  3032 | D:5      | Killed Natasha
  3034 | D:5      | Reached skill level 2 in Shields
  3036 | D:5      | Reached **** piety under Trog
  3175 | D:5      | Reached skill level 3 in Shields
  3195 | D:5      | Reached skill level 4 in Shields
  3208 | D:5      | Reached XP level 9. HP: 52/81 MP: 8/8
  3320 | D:5      | Noticed Natasha
  3330 | D:5      | Killed Natasha
  3341 | D:5      | Reached skill level 5 in Shields
  3372 | D:5      | Found Xunwofem's Armour Shop.
  3481 | D:5      | Found a staircase to the Ecumenical Temple.
  4977 | D:6      | Reached skill level 6 in Shields
  5124 | D:6      | Found Nofah's Food Shoppe.
  6340 | D:7      | Identified a scroll of acquirement
  6431 | D:7      | Reached ***** piety under Trog
  6749 | D:8      | Reached XP level 10. HP: 57/92 MP: 0/9
  6799 | D:8      | Found Raopya's Weapon Boutique.
  7018 | D:8      | Reached skill level 10 in Fighting
  7018 | D:8      | Reached skill level 1 in Maces & Flails
  7396 | D:9      | Noticed Diojeanne's ghost (novice GnAM)
  7434 | D:9      | Killed Diojeanne's ghost
  7434 | D:9      | Reached skill level 7 in Shields
  7770 | D:9      | Found a hide-covered altar of Uskayaw.
  7773 | D:9      | Noticed a dagger
  7773 | D:9      | Noticed a hand axe
  7932 | D:9      | Received a gift from Trog
  7958 | D:9      | Found an ornate altar of the Wu Jian Council.
  8054 | D:10     | Entered Level 10 of the Dungeon
  8261 | D:10     | Reached skill level 10 in Armour
  8261 | D:10     | Reached skill level 8 in Shields
  8279 | D:10     | Noticed a death yak
  8281 | D:10     | Found a staircase to the Lair.
  8282 | D:10     | Noticed a death yak
  8282 | D:10     | Noticed a death yak
  8282 | D:10     | Noticed a death yak
  8283 | D:10     | Noticed a death yak
  8312 | D:10     | Killed a death yak
  8319 | D:10     | Killed a death yak
  8319 | D:10     | Reached XP level 11. HP: 102/102 MP: 10/10
  8326 | D:10     | Killed a death yak
  8760 | D:10     | Found a staircase to the Orcish Mines.
  8935 | D:10     | Killed a death yak
  8944 | D:10     | Killed a death yak
  8944 | D:10     | Reached skill level 9 in Shields
  9044 | Lair:1   | Entered Level 1 of the Lair of Beasts
  9274 | Lair:1   | Reached skill level 10 in Dodging
  9855 | Lair:2   | Noticed a death yak
  9860 | Lair:2   | Noticed a death yak
  9864 | Lair:2   | Noticed a death yak
  9898 | Lair:1   | Killed a death yak
  9898 | Lair:1   | Reached skill level 10 in Shields
 10003 | Lair:1   | Killed a death yak
 10040 | Lair:2   | Killed a death yak
 10056 | Lair:2   | Reached XP level 12. HP: 67/112 MP: 11/11
 10183 | Lair:2   | Received a gift from Trog
 10783 | Lair:3   | Reached skill level 11 in Shields
 10894 | Lair:3   | Noticed Gastronok
 10915 | Lair:3   | Killed Gastronok
 11080 | Lair:3   | Noticed a six-headed hydra
 11081 | Lair:3   | Found a staircase to the Swamp.
 11127 | Lair:4   | Reached skill level 12 in Shields
 11260 | Lair:4   | Noticed a catoblepas
 11297 | Lair:4   | HP: 5/168 [catoblepas (17)]
 11298 | Lair:4   | Killed a catoblepas
 11680 | Lair:4   | Reached skill level 13 in Shields
 11915 | Lair:4   | Noticed a catoblepas
 11922 | Lair:4   | Killed a catoblepas
 12007 | Lair:4   | Found a staircase to the Snake Pit.
 12099 | Lair:4   | Noticed a seven-headed hydra
 12103 | Lair:4   | Killed a nine-headed hydra
 12471 | Lair:5   | Noticed a four-headed hydra
 12490 | Lair:5   | Reached skill level 14 in Shields
 12495 | Lair:5   | HP: 6/168 [12-headed hydra (7)]
 12495 | Lair:5   | HP: 2/168 [12-headed hydra (1)]
 12495 | Lair:5   | Slain by a 12-headed hydra

Vault maps used:
D:1:      lemuel_arrival_muddy, minmay_hedge_maze
D:2:      hangedman_decor_growths, minivault_26, uniq_terence
D:3:      lemuel_coloured_pillars_altar, serial_undead, serial_undead_a,
          serial_undead_f, serial_undead_f, serial_undead_b, serial_undead_f,
          serial_undead_d, serial_undead_b, serial_undead_d, first_ration,
          minmay_misc_feat_room, grunt_decor_cap
D:4:      grunt_temple_overflow_growth_and_decay, led_sif_book,
          grunt_temple_overflow_open, roderic_batcave,
          kennysheep_opposing_triangles, uniq_natasha
D:5:      kennysheep_spiral_hall, minmay_temple_entry_statues_pillars,
          serial_shops, shop, minmay_misc_feat_encased
D:6:      gup_sewer_entry_spiral, serial_shops, shop_fountains,
          lemuel_flamethrower_2
D:7:      hangedman_decor_slide_cut
D:8:      serial_shops, shop
D:9:      marbit_many_paths, dancing_weapons_uskayaw
D:10:     dpeg_lair_monsters, hiddenorc1_lemuel
Lair:1:   columned_hall_lemuel
Lair:3:   minmay_swamp_entry_reptiles, bh_chokoban, serial_bayou_lake_a,
          uniq_gastronok
Lair:4:   guppyfry_snake_entry_garden, st_stairs_8,
          nicolae_quartered_pool_little, grunt_megastairs_3
Lair:5:   basic_altar, st_stairs_8, beast_lair_carwin_4, grunt_megastairs_1

Skill      XL: |  1  2  3  4  5  6  7  8  9 10 11 12 |
---------------+-------------------------------------+-----
Axes           | 4 5 6 7 |  7.0
Fighting       | 4 5 6 8 9 11 12 | 12.0
Armour         | 3 4 5 6 7 8 10 11 12 | 12.0
Dodging        | 3 4 5 6 7 9 10 12 | 12.0
Shields        | 4 6 8 10 14 | 14.0
Maces & Flails | 1 |  1.6

Action                   |  1- 3 |  4- 6 |  7- 9 | 10-12 || total
-------------------------+-------+-------+-------+-------++-------
Melee: Hand axe          |    47 |       |       |   774 ||   821
       Headbutt          |     3 |    16 |    55 |   224 ||   298
       War axe           |       |    78 |   219 |       ||   297
       Falchion          |       |    16 |       |       ||    16
       Battleaxe         |       |       |    86 |    15 ||   101
       Spear             |       |       |    14 |       ||    14
       Flail             |       |       |       |    79 ||    79
Throw: Stone             |       |       |    22 |       ||    22
       Tomahawk          |       |       |     3 |       ||     3
       Throwing net      |       |       |     2 |       ||     2
Invok: Berserk           |       |     1 |     4 |    12 ||    17
       Trog's Hand       |       |       |       |     3 ||     3
       Brothers in Arms  |       |       |       |     3 ||     3
Evoke: Wand              |       |       |     1 |       ||     1
  Use: Scroll            |       |       |    13 |     8 ||    21
 Stab: Sleeping          |       |       |       |     1 ||     1
  Eat: Chunk             |       |     4 |    16 |    35 ||    55
       Ration            |       |       |     1 |     5 ||     6
Armor: Animal skin       |    17 |       |       |       ||    17
       Ring mail         |       |     5 |       |       ||     5
       Scale mail        |       |    44 |   117 |    89 ||   250
       Troll leather arm |       |       |       |   113 ||   113
Dodge: Dodged            |    35 |    66 |   236 |   475 ||   812
Block: Buckler           |       |       |    15 |       ||    15
       Shield            |       |       |       |   592 ||   592
       Rpst.: Falchion   |       |     2 |       |       ||     2

Table legend:
 A = Spawn XP
 B = Non-spawn XP
 C = Spawn XP percentage of total XP
 D = Spawn monster count
 E = Non-spawn monster count
 F = Spawn count percentage of total count
 G = Total turns spent on level
                    A         B        C        D         E        F      G
               +---------+---------+-------+---------+---------+-------+---------
         Total |       0 |   37470 |   0.0 |       0 |     365 |   0.0 | 12495
               +---------+---------+-------+---------+---------+-------+---------
           D:1 |       0 |      36 |   0.0 |       0 |      22 |   0.0 |   749
           D:2 |       0 |     169 |   0.0 |       0 |      18 |   0.0 |   599
           D:3 |       0 |    1197 |   0.0 |       0 |      47 |   0.0 |   976
           D:4 |       0 |     786 |   0.0 |       0 |      35 |   0.0 |  1603
           D:5 |       0 |     875 |   0.0 |       0 |      20 |   0.0 |  1028
           D:6 |       0 |     752 |   0.0 |       0 |      33 |   0.0 |  1079
           D:7 |       0 |    1473 |   0.0 |       0 |      28 |   0.0 |   708
           D:8 |       0 |    1704 |   0.0 |       0 |      24 |   0.0 |   652
           D:9 |       0 |    2134 |   0.0 |       0 |      18 |   0.0 |   883
          D:10 |       0 |    5840 |   0.0 |       0 |      39 |   0.0 |   767
        Lair:1 |       0 |    5366 |   0.0 |       0 |      19 |   0.0 |   892
        Lair:2 |       0 |    4892 |   0.0 |       0 |      22 |   0.0 |   840
        Lair:3 |       0 |    4528 |   0.0 |       0 |      13 |   0.0 |   332
        Lair:4 |       0 |    7472 |   0.0 |       0 |      25 |   0.0 |  1292
        Lair:5 |       0 |     246 |   0.0 |       0 |       2 |   0.0 |    95
               +---------+---------+-------+---------+---------+-------+---------
